 Dungeon Crawl Stone Soup version 0.31-a0-217-g58bb5d79cf (webtiles) character file.

Game seed: 2955198676680579959

15 Ijustatesigmund the Stinger (level 2, -1/18 HPs)
             Began as an Octopode Venom Mage on July 3, 2023.
             Slain by a ball python (3 damage)
             ... on level 1 of the Dungeon.
             The game lasted 00:00:43 (190 turns).

Ijustatesigmund the Stinger (Octopode Venom Mage)    Turns: 190, Time: 00:00:44

Health: -1/18      AC:  1    Str:  7    XL:     2   Next: 50%
Magic:  0/5        EV: 10    Int: 17    God:
Gold:   0          SH:  0    Dex: 12    Spells: 2/5 levels left

rFire   . . .        (no weapon)
rCold   . . .        (no shield)
rNeg    . . .        (helmet restricted)
rPois   .            (no amulet)
rElec   .            (no ring)
rCorr   .            (no ring)
SInv    .            (no ring)
Will    .....        (no ring)
Stlth   +++          (no ring)
HPRegen 0.23/turn    (no ring)
MPRegen 0.09/turn    (no ring)
                     (no ring)

%: no passive effects
@: very slightly contaminated, constricted
A: almost no armour, amphibious, 8 rings, camouflage 1, gelatinous body 1,
(nimble swimmer 1), tentacles
a: no special abilities


You were on level 1 of the Dungeon.
You visited 1 branch of the dungeon, and saw 1 of its levels.

Inventory:

Potions
 a - a potion of magic


   Skills:
 + Level 1.0 Fighting
 - Level 2.0 Dodging
 - Level 2.6 Stealth
 + Level 2.2 Spellcasting
 - Level 1.0 Transmutations
 + Level 0.2 Air Magic
 + Level 3.9 Poison Magic


You had 2 spell levels left.
You knew the following spells:

 Your Spells              Type           Power      Damage    Failure   Level
a - Sting                 Tmut/Pois      40%        1d5       7%          1
b - Poisonous Vapours     Pois/Air       18%        N/A       12%         2

Your spell library contained the following spells:

 Spells                   Type           Power      Damage    Failure   Level
 Mephitic Cloud           Conj/Pois/Air  6%         N/A       32%         3
 Olgreb's Toxic Radiance  Pois           15%        N/A       36%         4


Dungeon Overview and Level Annotations

Branches:
Dungeon (1/15)

Altars:


Innate Abilities, Weirdness & Mutations

You cannot wear most types of armour.
You are amphibious.
You can wear up to eight rings at the same time.
Your skin changes colour to match your surroundings (Stealth+).
Your rubbery body absorbs attacks. (AC +1, EV +1)
((You are camouflaged when in or above water. (Stealth+)))
You have tentacles for arms and can constrict up to eight enemies at once.


Message History

The ball python grabs you. The ball python constricts you.
The ball python barely misses you. The ball python constricts you.
Casting: Sting (safe; 7% risk of failure)
Confirm with . or Enter, or press ? or * to list all spells.
Aiming: Poisonous Vapours (safe; 12% risk of failure)
Press: ? - help, Dir - move target, f - giant cockroach, p - ball python
Aim: a giant cockroach Poisonous vapours surround the giant cockroach!
The giant cockroach is poisoned.
The ball python bites you. The ball python constricts you.
The goblin barely misses you.
Casting: Poisonous Vapours (safe; 12% risk of failure)
Confirm with . or Enter, or press ? or * to list all spells.
Aiming: Sting (safe; 7% risk of failure)
Press: ? - help, Shift-Dir - straight line, f - goblin, p - giant cockroach
Aim: a goblin, wielding a +0 club (64% to hit)
The sting hits the goblin.
The goblin is poisoned.
You kill the goblin!
The ball python bites you.
* * * LOW HITPOINT WARNING * * *
The ball python constricts you.
* * * LOW HITPOINT WARNING * * *
Casting: Sting (safe; 7% risk of failure)
Confirm with . or Enter, or press ? or * to list all spells.
Aiming: Sting (safe; 7% risk of failure)
Press: ? - help, Shift-Dir - straight line, f - ball python
Aim: a ball python (moderately wounded, constricting you, 68% to hit)
You miscast Sting.
Nothing appears to happen.
The ball python bites you but does no damage.
The ball python constricts you.
* * * LOW HITPOINT WARNING * * *
You barely miss the ball python. You grab the ball python.
The ball python is moderately wounded.
You constrict the ball python.
You kill the giant cockroach!
The ball python barely misses you. The ball python constricts you.
* * * LOW HITPOINT WARNING * * *
You tentacle-slap the ball python but do no damage.
The ball python is heavily wounded.
You constrict the ball python. The ball python bites you.
You die...

......#.#.......
#.............. #.
#....!.......###
..###.#####..............
#....................#.###.
.... ..####................
#..###..........†..........
#......####....)##......##
................@S..)....#
.............#..##.........
#..........†.........#....#
#..########†.#..##...# ...#
+#.########..#..##...# ..#
.#.................... .#
.#.#.##.##...##........ .
.#.#.............#...#..
.#†###......... .


You could see a ball python.

Vanquished Creatures
  A dart slug (D:1)
  A ball python (D:1)
  2 giant cockroaches (D:1)
  2 goblins (D:1)
  A hobgoblin (D:1)
  2 jackals (D:1)
  A quokka (D:1)
10 creatures vanquished.

Notes
Turn   | Place    | Note
-------+----------+-------------------------------------------
     0 | D:1      | Ijustatesigmund the Octopode Venom Mage began the quest for
                  | the Orb.
     0 | D:1      | Reached XP level 1. HP: 11/11 MP: 3/3
    59 | D:1      | Reached XP level 2. HP: 12/18 MP: 0/5
    63 | D:1      | Learned a level 2 spell: Poisonous Vapours
   174 | D:1      | Reached skill level 1 in Fighting
   190 | D:1      | Slain by a ball python

Illustrated notes

Levels and vault maps discovered:
D:1:      lemuel_arrival_rhombus, layout_basic, minmay_misc_feat_doors

Skill      XL: |  1  2 |
---------------+-------+-----
Fighting       | 1 |  1.0
Dodging        | |  2.0
Stealth        | |  2.6
Spellcasting   | |  2.2
Transmutations | |  1.0
Air Magic      | |  0.2
Poison Magic   | |  3.9

Action                     || total
---------------------------++-------
  Melee: Unarmed           ||    19
         Constrict         ||     5
         Tentacles         ||     5
   Cast: Sting             ||     5
         Poisonous Vapours ||     1
   Stab: Sleeping          ||     1
 Armour: Skin              ||     3
  Dodge: Dodged            ||    16

Table legend: (Time is in decaauts)
 A = Elapsed time spent in this place.
 B = Non-inter-level travel time spent in this place.
 C = Inter-level travel time spent in this place.
 D = Time resting spent in this place.
 E = Time spent auto-exploring this place.
 F = Levels seen in this place.
 G = Mean time per level.
                   A        B        C        D        E       F      G
               +--------+--------+--------+--------+--------+-----+--------+
         Total |    190 |    190 |      0 |    122 |     13 |   1 |  190.0 |
       Dungeon |    190 |    190 |      0 |    122 |     13 |   1 |  190.0 |
               +--------+--------+--------+--------+--------+-----+--------+

Top non-repeatable levels by time:
     D:1: 190 daAuts
